 Dungeon Crawl Stone Soup version 0.23-a0-38-g6d804a8 (webtiles) character file.

31 glosham the Skirmisher (level 3, -1/36 HPs)
             Began as a Minotaur Abyssal Knight on Aug 5, 2018.
             Was a Follower of Lugonu.
             Slain by a thrashing horror (15 damage)
             ... on level 2 of the Abyss.
             The game lasted 00:01:55 (79 turns).

glosham the Skirmisher (Minotaur Abyssal Knight)      Turns: 79, Time: 00:01:56

Health: -1/36      AC:  3    Str: 16    XL:     3   Next: 7%
Magic:  3/3        EV: 11    Int:  9    God:    Lugonu [*.....]
Gold:   51         SH:  0    Dex: 10    Spells: 2/2 levels left

rFire    . . .     SeeInvis .   a - +1 falchion
rCold    . . .     Gourm    .   (no shield)
rNeg     . . .     Faith    .   b - +0 leather armour
rPois    .         Spirit   .   (helmet restricted)
rElec    .         Reflect  .   (no cloak)
rCorr    .         Harm     .   (no gloves)
MR       .....                  (no boots)
Stlth    +.........             (no amulet)
HPRegen  0.00/turn              (no ring)
MPRegen  0.08/turn              (no ring)

@: non-regenerating, diseased
A: retaliatory headbutt, horns 2
a: Depart the Abyss, Renounce Religion


You were on level 2 of the Abyss.
You worshipped Lugonu.
Lugonu was aware of your devotion.
You were not hungry.

You visited 0 branches of the dungeon, and saw 0 of its levels.
You visited the Abyss 1 time.

You collected 51 gold pieces.

Inventory:

Hand Weapons
 a - a +1 falchion (weapon)
Armour
 b - a +0 leather armour (worn)
Comestibles
 c - a ration


   Skills:
 * Level 5.1 Fighting
 - Level 2.4 Long Blades
 - Level 2.4 Armour
 - Level 1.1 Dodging
 - Level 1.7 Invocations


You had 2 spell levels left.
You didn't know any spells.
Your spell library was empty.

Dungeon Overview and Level Annotations

Branches:
Dungeon (0/15)

Altars:


Innate Abilities, Weirdness & Mutations

You reflexively headbutt those who attack you in melee.
You have a pair of horns on your head.


Message History

The quasit claws you but does no damage.
The quasit claws you.
You slash the quasit! Your headbutt misses the quasit.
The quasit is severely wounded.
The quasit bites you but does no damage.
The quasit claws you but does no damage.
The quasit barely misses you.
You barely miss the quasit.
The quasit is severely wounded.
The quasit bites you.
The quasit claws you but does no damage.
The quasit barely misses you. The quasit completely misses you.
The quasit closely misses you. The quasit completely misses you.
Unknown command.
You hit the quasit.
You kill the quasit!
You feel your dexterity returning.
Your Fighting skill gained 2 levels and is now at level 5!
You have reached level 2!
You have reached level 3!
Your experience leads to an increase in your attributes!
Increase (S)trength, (I)ntelligence, or (D)exterity?
You feel agile.
The substance of the Abyss twists violently, and a gateway leading out appears!
An ancient zyme comes into view.
You feel yourself growing ill in the presence of the ancient zyme.
A large abomination comes into view.
A thrashing horror comes into view.
You feel ill.
There is a gateway leading out of the Abyss here.
The thrashing horror roars!
The thrashing horror closely misses you.
You furiously retaliate!
You headbutt the thrashing horror, but do no damage.
You riposte.
You barely miss the thrashing horror.
You headbutt the thrashing horror, but do no damage.
The thrashing horror barely misses you.
The orange demon screeches!
The thrashing horror tramples you!
You die...

. # . ## # #.. #.##
# . ### ###.##. #.
.... #.#.#.#.#.#
#..##.#.#....
#.4§@.#.###..
##§X........
####x.#..#.### #
#...#X.#....#
..###..∩###.#..##.#
. ..##.#X#....#...#
...#x###...#.#..##
.... ..#..#.#...#
#..#..## ..


You could see an orange demon, an ancient zyme, a thrashing horror and a large
abomination.

Vanquished Creatures
  A quasit (Abyss:2)
1 creature vanquished.

Notes
Turn   | Place    | Note
-------+----------+-------------------------------------------
     0 | Abyss:1  | glosham the Minotaur Abyssal Knight began the quest for the Orb.
     0 | Abyss:1  | Reached XP level 1. HP: 19/19 MP: 1/1
    52 | Abyss:2  | Noticed a quasit
    61 | Abyss:2  | Killed a quasit
    61 | Abyss:2  | Reached skill level 5 in Fighting
    61 | Abyss:2  | Reached XP level 2. HP: 10/29 MP: 2/2
    61 | Abyss:2  | Reached XP level 3. HP: 12/36 MP: 3/3
    65 | Abyss:2  | Noticed an ancient zyme
    67 | Abyss:2  | Noticed a large abomination
    71 | Abyss:2  | Noticed a thrashing horror
    79 | Abyss:2  | Noticed an orange demon
    79 | Abyss:2  | Slain by a thrashing horror

Vault maps used:
Abyss:1:  evilmike_abyss_exit_2

Skill      XL: |  1 |
---------------+----+-----
Fighting       | 5 |  5.1
Long Blades    | |  2.4
Armour         | |  2.4
Dodging        | |  1.1
Invocations    | |  1.7

Action                   || total
-------------------------++-------
Melee: Falchion          ||     9
       Headbutt          ||     1
Armor: Leather armour    ||    11
Dodge: Dodged            ||    20
       Rpst.: Falchion   ||     3

Table legend:
 A = Spawn XP
 B = Non-spawn XP
 C = Spawn XP percentage of total XP
 D = Spawn monster count
 E = Non-spawn monster count
 F = Spawn count percentage of total count
 G = Total turns spent on level
                    A         B        C        D         E        F      G
               +---------+---------+-------+---------+---------+-------+---------
         Total |       0 |      45 |   0.0 |       0 |       1 |   0.0 |    79
               +---------+---------+-------+---------+---------+-------+---------
       Abyss:2 |       0 |      45 |   0.0 |       0 |       1 |   0.0 |    58
               +---------+---------+-------+---------+---------+-------+---------

Table legend:
 A = Turns spent in this place as a percentage of turns spent in the entire game.
 B = Non-inter-level travel turns spent in this place as a percentage of non-inter-level travel turns spent in the entire game.
 C = Inter-level travel turns spent in this place as a percentage of turns spent in this place.
 D = Turns resting spent in this place as a percentage of non-inter-level travel turns spent in this place.
 E = Turns spent auto-exploring this place as a percentage of non-inter-level travel turns spent in this place.
 F = Non-inter-level travel turns spent in this place divided by the number of levels of this place that you've seen.
                   A       B       C       D       E      F
               +-------+-------+-------+-------+-------+----------------------
         Total | 100.0 | 100.0 |   0.0 |   0.0 |   0.0 |  39.5
         Abyss | 100.0 | 100.0 |   0.0 |   0.0 |   0.0 |  39.5
               +-------+-------+-------+-------+-------+----------------------

Table legend:
 A = Kills in this place as a percentage of kills in entire the game.
 B = Kills by you in this place as a percentage of kills by you in the entire game.
 C = Kills by friends in this place as a percentage of kills by friends in the entire game.
 D = Other kills in this place as a percentage of other kills in the entire game.
 E = Experience gained in this place as a percentage of experience gained in the entire game.
 F = Experience gained in this place divided by the number of levels of this place that you have seen.
                   A       B       C       D       E      F
               +-------+-------+-------+-------+-------+----------------------
         Total | 100.0 | 100.0 |   N/A |   N/A | 100.0 |  22.5
         Abyss | 100.0 | 100.0 |   N/A |   N/A | 100.0 |  22.5
               +-------+-------+-------+-------+-------+----------------------

Vault maps used:
Abyss:1:  evilmike_abyss_exit_2
